 Dungeon Crawl Stone Soup version 0.28.0-53-g5a82cb258f (webtiles) character file.

Game seed: 11615397242937962561

3 Plasmagod the Shield-Bearer (level 1, 0/14 HPs)
             Began as a Gargoyle Fighter on July 25, 2022.
             Slain by a jackal (2 damage)
             ... on level 1 of the Dungeon.
             The game lasted 00:00:18 (35 turns).

Plasmagod the Shield-Bearer (Gargoyle Fighter)        Turns: 35, Time: 00:00:19

Health: 0/14       AC:  9    Str: 19    XL:     1   Next: 50%
Magic:  1/1        EV:  9    Int:  8    God:
Gold:   0          SH:  4    Dex:  9    Spells: 0/0 levels left

rFire   . . .      SeeInvis .   a - +0 flail
rCold   . . .      Faith    .   c - +0 buckler
rNeg    + . .      Spirit   .   b - +0 scale mail
rPois   ∞          Reflect  .   (no helmet)
rElec   +          Harm     .   (no cloak)
rCorr   .          Rampage  .   (no gloves)
Will    .....                   (no boots)
Stlth   ..........              (no amulet)
HPRegen 0.04/turn               (no ring)
MPRegen 0.07/turn               (no ring)

@: no status effects
A: sickness immunity, AC +2, negative energy resistance 1, electricity
resistance, torment resistance 1, petrification resistance
a: no special abilities


You were on level 1 of the Dungeon.
You visited 1 branch of the dungeon, and saw 1 of its levels.

Inventory:

Hand Weapons
 a - a +0 flail (weapon)
Armour
 b - a +0 scale mail (worn)
 c - a +0 buckler (worn)
Potions
 d - a potion of might


   Skills:
 + Level 3.3 Fighting
 + Level 2.0 Maces & Flails
 + Level 3.3 Armour
 + Level 0.1 Dodging
 + Level 3.3 Shields


You couldn't memorise any spells.
You didn't know any spells.
Your spell library was empty.

Dungeon Overview and Level Annotations

Branches:
Dungeon (1/15)

Altars:


Innate Abilities, Weirdness & Mutations

You are immune to sickness and miasma.
Your stone body is resilient. (AC +2)
You are immune to poison.
You resist negative energy. (rN+)
You are resistant to electric shocks. (rElec)
You are resistant to unholy torment.
You are immune to petrification.


Message History

The jackal completely misses you.
You barely miss the jackal. The jackal closely misses you.
You block the jackal's attack. The jackal closely misses you.
You closely miss the jackal. The jackal barely misses you.
You block the jackal's attack.
You barely miss the jackal. The jackal barely misses you.
The jackal completely misses you.
The jackal bites you but does no damage.
You hit the jackal.
The jackal is lightly wounded.
The jackal bites you but does no damage.
You block the jackal's attack.
The jackal bites you but does no damage. x4
You barely miss the jackal.
The jackal is lightly wounded.
The jackal closely misses you.
The jackal bites you but does no damage. x3
The jackal bites you.
* * * LOW HITPOINT WARNING * * *
The jackal barely misses you.
You barely miss the jackal.
The jackal bites you but does no damage. x5
You sock the jackal!
You kill the jackal!
You block the jackal's attack. The jackal barely misses you.
You block the jackal's attack.
The jackal bites you but does no damage. x2
You barely miss the jackal. You block the jackal's attack.
The jackal closely misses you. The jackal barely misses you. x2
You miss the jackal. The jackal barely misses you.
The jackal bites you but does no damage.
The jackal barely misses you. You block the jackal's attack. x2
The jackal bites you but does no damage.
You barely miss the jackal.
The jackal bites you but does no damage. x2
You block the jackal's attack. x2
The jackal bites you but does no damage.
The jackal bites you.
You die...

....# ....# .#
....###.# ##........
#. #..$.....#.
#...#####..#.........
#......hh.........#.#
#@#.≈≈≈≈≈≈≈≈≈≈#
#h#.h8≈≈≈≈≈≈8≈#
#...≈≈8≈≈≈≈8≈≈#
#...≈≈≈####≈§≈#
#...≈≈≈'..#≈§§#
......≈≈≈'.<#≈≈≈#
####..§≈≈####≈≈≈#
#..≈≈8≈≈≈≈8≈≈#
###≈8≈≈§§≈≈8≈#


You could see 3 jackals.

Vanquished Creatures
  A hobgoblin (D:1)
  A jackal (D:1)
  A kobold (D:1)
3 creatures vanquished.

Notes
Turn   | Place    | Note
-------+----------+-------------------------------------------
     0 | D:1      | Plasmagod the Gargoyle Fighter began the quest for the Orb.
     0 | D:1      | Reached XP level 1. HP: 14/14 MP: 1/1
    35 | D:1      | Slain by a jackal

Illustrated notes

Levels and vault maps discovered:
D:1:      lightli_arrival_boilingwater, layout_basic,
          amcnicky_mini_corridor_feature

Action                   || total
-------------------------++-------
Melee: Flail             ||    24
Armor: Scale mail        ||    51
Dodge: Dodged            ||    36
Block: Buckler           ||    21
